[Event "101st Irish Championship 2022"]
[Site "Dublin"]
[Date "2022.07.05"]
[Round "4.5"]
[White "Keenan, Cathal"]
[Black "Flynn, Jacob"]
[Result "1/2-1/2"]
[ECO "C41"]
[WhiteElo "1811"]
[BlackElo "2199"]
[Annotator "TA"]
[PlyCount "161"]
[EventDate "2022.07.05"]
[EventType "swiss"]
[EventCountry "IRL"]
[SourceTitle "playchess.com"]
[Source "ChessBase"]
[SourceQuality "1"]
[TimeControl "40/6300+30:1800+30"]

1. e4 d6 2. d4 Nf6 3. Nc3 e5 4. Nge2 exd4 5. Nxd4 Be7 6. g3 O-O 7. Bg2 {[%emt 0:00:30] C41: Philidor Defence.} c6 8. O-O Re8 9. Re1 {[%emt 0:00:30] White is slightly better.} Qc7 10. h3 {[%emt 0:00:30] [#]} Nbd7 $146 ({Predecessor:} 10... Bf8 11. Bf4 g6 12. g4 Nbd7 13. a4 a5 14. Bg3 Qb6 15. Qd2 Ne5 16. b3 h5 {1-0 (42) Salov,S (2135)-Aragones Melhem,G (2106) Prague 2020}) 11. g4 Nc5 12. b3 Bf8 13. Bb2 Ne6 14. Nde2 (14. Nce2 $14) 14... b5 (14... h5 $1 $15) 15. Qd2 Bb7 16. Ng3 Nd7 (16... d5 $5) 17. Rad1 Nb6 18. f4 b4 19. Nce2 c5 (19... d5 $1 $11) 20. f5 $36 {[%emt 0:00:30][%mdl 2048] White is in control.} Nd4 21. Nxd4 cxd4 22. Qxd4 (22. Bxd4 $18 {Nh5 is the strong threat.} Rac8 23. Nh5 (23. Qxb4 $2 d5 $19)) 22... d5 $14 {[%emt 0:00:30] Hoping for ...Bc5.} 23. Qd3 (23. Qe3 $14) 23... dxe4 24. Nxe4 Nd5 {[%emt 0:00:30] Threatens to win with ...Nf4.} 25. Qc4 Qb6+ (25... Qa5 $1 $11 {keeps the balance.}) 26. Bd4 $16 Qh6 27. Nc5 (27. Qb5 $16 Bc6 28. g5 $1 Bxb5 29. gxh6) 27... Nb6 28. Qf1 (28. Qxb4 $2 Bxg2 29. Kxg2 Nd5 $19) 28... Rxe1 29. Rxe1 (29. Qxe1 $2 Bxg2 30. Kxg2 Bxc5 $19) 29... Qd2 (29... Bxg2 $14 30. Qxg2 Rd8) 30. Qf2 ({Don't take} 30. Nxb7 $6 Qxd4+ 31. Qf2 Qc3 $14) (30. Rd1 $142 Bxg2 31. Rxd2 Bxf1 32. Kxf1) 30... Qxf2+ 31. Bxf2 Bxg2 32. Kxg2 Rc8 {[%emt 0:00:30] [#]} 33. Re2 $1 {[%emt 0:00:30] White is more active.} g6 {[%emt 0:00:30] [#]} (33... Rxc5 $142 34. Bxc5 Bxc5) (33... Nd5 34. Re4) 34. Nd3 (34. Ne4 $142 $1) 34... Nd5 35. Bxa7 Ra8 (35... Nc3 $16 36. Re5 Nxa2) 36. Bd4 $18 gxf5 (36... Rxa2 $142 37. Kf3 Ra8) 37. gxf5 ({But not} 37. Re5 $6 Nc7) 37... f6 38. Kf3 Rxa2 39. Re8 {[%emt 0:00:30] Prevents Ra8. aiming for Bc5.} Kf7 40. Rd8 Ra5 41. Ke4 Ne7 (41... Nc3+ $142 42. Bxc3 bxc3 43. Rd7+ Kg8) 42. Bc5 Ra1 43. Bxb4 Rh1 44. Nf4 Rh2 45. Kd3 Bh6 46. Rd7 Bxf4 47. Rxe7+ {[%emt 0:00:30][%mdl 4096] Endgame KRB-KRB} Kg8 48. Ke4 Be5 49. Re8+ Kf7 50. Rc8 (50. Rf8+ $18 {is more deadly.} Kg7 51. Rd8) 50... Rxh3 $16 {[%emt 0:00:30] Strongly threatening ...Rh4+.} 51. Bd2 (51. Kd5 $16) 51... h5 52. b4 Rh2 53. Be3 {[%emt 0:00:30] Black must now prevent b5.} Rh4+ 54. Kf3 Rxb4 55. Rh8 Rh4 56. c4 Rxc4 57. Rh7+ Ke8 58. Rxh5 Kd7 59. Rh8 Ra4 60. Rg8 Kc6 61. Rc8+ Kd5 62. Rc5+ Kd6 63. Rc8 Rh4 64. Rd8+ Kc6 65. Rc8+ Kd5 66. Rc5+ Kd6 {[%emt 0:00:30] And now ...Rh3+ would win.} 67. Rc8 Rh3+ 68. Ke4 Rh4+ 69. Kf3 Ra4 70. Rg8 Kd5 71. Rd8+ Bd6 72. Re8 Rh4 73. Re6 Be5 74. Ra6 Rh3+ 75. Ke2 Ke4 76. Ra4+ Kxf5 77. Kf2 Rh2+ 78. Kf3 Rh3+ 79. Kf2 $1 Rh1 80. Kg2 Rb1 81. Bd4 {[%emt 0:00:30] Blacks defense is rewarded with a draw.  Weighted Error Value: White=0.32/Black=0.31} 1/2-1/2

[Event "101st Irish Championship 2022"]
[Site "Dublin"]
[Date "2022.07.05"]
[Round "4.6"]
[White "Fox, Anthony"]
[Black "Carroll, Peter"]
[Result "0-1"]
[ECO "B26"]
[WhiteElo "1945"]
[BlackElo "2116"]
[Annotator "TA"]
[PlyCount "140"]
[EventDate "2022.07.05"]
[EventType "swiss"]
[EventCountry "IRL"]
[SourceTitle "playchess.com"]
[Source "ChessBase"]
[SourceQuality "1"]
[TimeControl "40/6300+30:1800+30"]

1. e4 c5 2. Nc3 Nc6 3. g3 g6 4. Bg2 Bg7 5. d3 Rb8 6. Be3 b5 7. Qd2 b4 8. Nd1 d6 9. Ne2 {[%emt 0:01:11] 9.f4 is vanishing.} Qb6 10. O-O {[%emt 0:02:48] B26: Closed Sicilian: 3 g3, lines with early Be3.} Nd4 11. c3 Nxe2+ 12. Qxe2 {[%emt 0:00:10] The position is equal.} bxc3 13. bxc3 Ba6 14. Rc1 Nf6 15. f4 {[%emt 0:06:40] [#]} O-O $146 ({Predecessor:} 15... Nd7 16. Bh3 Qc6 17. c4 O-O 18. Nc3 Nb6 19. Bg2 Qd7 20. h4 Na4 21. Nxa4 Qxa4 {½-½ (42) Nedostup,D (2044)-Egyed,G (1997) Liptovsky Mikulas 2011}) 16. g4 Nd7 17. g5 Qb5 18. Nf2 Qa5 19. Qd2 Qa3 20. Rc2 {[%emt 0:01:11] Prevents Rb2.} Bb5 21. Qc1 Qa5 22. Qa1 (22. c4 $11 Ba4 23. Re2) 22... Ba4 $17 23. Rcc1 Rb6 24. Rfe1 Rfb8 25. Re2 {[%emt 0:01:19] Prevents Rb2.} Rb5 26. Bh3 e6 27. Bg4 ({Better is} 27. Ng4 $15) 27... Qb6 (27... R5b7 $17) 28. Ree1 (28. d4 $15) 28... Rb2 {[%emt 0:03:06] White must now prevent ...Qa5.} 29. h4 $2 (29. Bd1 $17 Bxd1 30. Nxd1) 29... Qa5 $19 30. d4 Bc2 31. a3 (31. Re2 $142 Rxa2 32. Qxa2 Qxa2 33. Rcxc2) 31... cxd4 (31... Qxc3 $142 32. dxc5 Nxc5) 32. cxd4 Qa4 33. e5 Qb3 ({Black should play} 33... h5 $1 $19 34. Bd1 (34. gxh6 $2 Bxh6 35. exd6 Qb3 $17) 34... Bxd1 35. Nxd1 R2b3) 34. Bd1 Ra2 $1 {[%emt 0:00:49] 0x0.001e396bd69bdp-1022s more active pieces.} (34... dxe5 35. Rxc2 Rxc2 36. dxe5 $15) (34... Bxd1 35. Nxd1 Ra2 36. Qc3 dxe5 37. Qxb3 Rxb3 38. fxe5 $17) 35. Bxc2 Qxa3 ({Don't do} 35... Rxa1 36. Bxb3 Rxc1 37. Rxc1 $18) ({Worse is} 35... Rxc2 36. Rxc2 Qxc2 37. Qc1 $11) 36. Ba4 Qxa4 ({Resist} 36... Rxa1 37. Rxa1 Qb4 38. Bxd7 $16) 37. Qc3 d5 38. Qc6 Qxc6 39. Rxc6 Nb6 $1 40. Rb1 {[%emt 0:00:43] [#]} Bf8 (40... Rf8 $1 $17 {And now ...h5 would win.} 41. Rc7 Nc4) 41. Ng4 Bg7 42. Rb3 Ra4 (42... Rf8 $5 43. f5 gxf5 44. Nf6+ Kh8 $17) 43. Kf2 Rc4 44. Rc5 Rc8 45. Ra3 Rc7 46. Rxc7 Rxc7 47. Rb3 Rc4 48. Ke2 Kf8 49. Kd3 Ke8 50. Bd2 Kd7 51. Ra3 {[%emt 0:00:00] [#]} (51. Rb1 $11 {remains equal.}) 51... Ra4 $1 $17 {[%emt 0:01:14] Black keeps a firm grip on the game.} 52. Rxa4 Nxa4 {[%emt 0:00:02][%mdl 4096] Endgame KBN-KBN} 53. Kc2 {[%emt 0:00:00] Inhibits Nb2.} (53. Ne3 $17 {is a better defense.}) 53... Kc6 $19 54. Kb3 Kb5 55. Bb4 a5 56. Be7 Nb6 57. Ne3 h5 58. Bd6 Nd7 59. Nc2 Bf8 60. Na3+ (60. Ne1 $142) 60... Ka6 (60... Kb6 $142 {Strongly threatening ...Bxd6.} 61. Ka4 Bxd6 62. exd6 Ka6) 61. Bxf8 $2 (61. Nc2) 61... Nxf8 {[%emt 0:00:02] KN-KN} 62. Nb1 Nd7 63. Nc3 Nb6 (63... Nb8 $142 {Threatens to win with ...Nc6.} 64. Ne2 Nc6) 64. Ka3 $2 (64. Ne2 Nc8 65. f5 gxf5 66. g6 fxg6 67. Nf4) 64... Nc4+ 65. Kb3 Nd2+ 66. Ka4 Nf3 67. Nb5 Nxh4 68. Nd6 Nf5 {[%emt 0:00:23] ( -> ...h4)} 69. Nxf7 h4 70. Nh6 Nxd4 {[%emt 0:00:33] Weighted Error Value: White=0.35/Black=0.24 (precise)} (70... Ne3 $142 71. f5 h3) 0-1

[Event "101st Irish Championship 2022"]
[Site "Dublin"]
[Date "2022.07.05"]
[Round "4.7"]
[White "O'Connell, Gerard"]
[Black "Venkatesan, Kavin"]
[Result "1-0"]
[ECO "E17"]
[WhiteElo "2052"]
[BlackElo "2076"]
[Annotator "TA"]
[PlyCount "159"]
[EventDate "2022.07.05"]
[EventType "swiss"]
[EventCountry "IRL"]
[SourceTitle "playchess.com"]
[Source "ChessBase"]
[SourceQuality "1"]
[TimeControl "40/6300+30:1800+30"]

1. d4 Nf6 2. Nf3 e6 3. g3 d5 4. Bg2 Be7 5. O-O O-O 6. c4 b6 7. Qc2 Bb7 8. Bg5 {[%emt 0:08:05] E17: Queen's Indian: 4 g3 Bb7 5 Bg2 Be7.} h6 9. Bxf6 Bxf6 10. Nc3 {[%emt 0:00:14] White has an edge.} Na6 11. a3 {[%emt 0:04:05] [#]} (11. cxd5 {is interesting.} exd5 12. Ne5 Re8 13. Rad1) 11... c6 $146 (11... Qe7 {seems wilder.} 12. Ne5 Rad8 13. e3 c5) ({Predecessor:} 11... c5 12. Rfd1 Rc8 13. cxd5 exd5 14. Rac1 Nc7 15. dxc5 bxc5 16. Ne1 Bc6 17. e3 Bxc3 18. bxc3 {½-½ (54) Schmidt,L (2403)-Meiners,E (2345) ICCF email 2015}) 12. cxd5 cxd5 13. Rfd1 Rc8 14. Qd2 Qe7 15. Rac1 Rfd8 16. Qf4 Rc4 17. Qe3 Nb8 18. Qd2 Nd7 19. e3 Nf8 20. Bf1 Rcc8 21. Ne5 Bxe5 22. dxe5 f6 (22... Nd7 $11) 23. exf6 Qxf6 24. Nb5 {[%emt 0:00:54] Inhibits d4.} (24. f4 $14) 24... d4 $11 {[%emt 0:05:02] ( -> ...Qf3)} 25. Bg2 {[%emt 0:02:41] Prevents Qf3.} ({Not} 25. Nxd4 $2 Rxd4 $1 26. Qxd4 (26. exd4 $2 Qf3 $19) 26... Qf3 $19) 25... dxe3 26. Qxe3 Rxc1 27. Rxc1 Qxb2 28. Nxa7 Rd3 29. Qxd3 Qxc1+ 30. Bf1 Qc7 31. Be2 Be4 32. Qxe4 Qxa7 $14 {[%emt 0:00:02][%mdl 4096] Endgame KQB-KQN} 33. a4 Qd7 34. Bd3 {[%emt 0:01:18] White is more active.} (34. Bf3 $16) 34... Qd5 $11 35. Qe2 Qc6 36. Bb5 Qd6 37. Kg2 Qd5+ 38. Qf3 Qxf3+ 39. Kxf3 {[%emt 0:00:06] KB-KN} Kf7 40. Ke4 Ke7 41. f4 Kd6 42. h4 Nh7 43. Kd4 Nf6 44. Be2 {[%emt 0:00:00] Against Nh5} Ng8 45. Kc4 Nf6 46. Kb5 Nd7 47. Bg4 Nc5 $2 (47... Nf6 $1 $11) 48. Bf3 $18 ({Worse is} 48. Kxb6 Nxa4+ 49. Kb5 Nc3+ 50. Kc4 Ne4 $15) 48... Nd7 49. Bc6 Nb8 50. Be8 Kc7 51. h5 {[%emt 0:04:21] Strongly threatening g4.} ({Inferior is} 51. Bf7 Nc6 $11) 51... Kb7 52. Bf7 $2 ({White should play} 52. Kc4 $18) 52... Nc6 53. Kc4 Nd8 54. Bg8 {[%emt 0:02:05][%cal Of4f5] Hoping for f5!} Kc7 $2 (54... Kc6 $11 {and Black is okay.}) 55. Kd4 $2 (55. f5 $1 $18) 55... Nc6+ $11 56. Kc4 ({Better is} 56. Kc3 $11) 56... Nd8 $16 {[%emt 0:00:11] [#]} 57. Bh7 (57. f5 $1 $16) 57... Nc6 $11 58. Be4 {[%emt 0:00:25] Threatens to win with Bxc6.} Nb8 59. f5 exf5 60. Bxf5 {[%emt 0:00:01] Black must now prevent Kd5.} Nc6 $2 {[%emt 0:01:02][%mdl 8192] [#] White now steadily converts the win.} (60... Kd6 $11) 61. Kd5 $1 $18 Nd8 62. Be6 Nc6 63. Bg4 Nd8 64. Ke5 {[%emt 0:00:21] Kf5 is the strong threat.} Kc6 65. Kf5 Nf7 66. Be2 {[%emt 0:00:24] White threatens Kg6 and mate.} Kc5 (66... Ng5 $18 67. Kg6 Kd6 68. Kxg7 Ke6 69. Bc4+ Ke5 70. Kxh6 Kf6) 67. Kg6 {[%emt 0:00:12][%csl LRf7,LRg7] White mates.} Nd6 68. g4 Kb4 69. Bd1 Ne4 70. Kxg7 Nf2 71. Bf3 Kxa4 72. Kxh6 b5 73. g5 b4 74. g6 b3 75. g7 b2 76. g8=Q b1=Q 77. Qa8+ Kb3 78. Qb7+ Kc2 79. Be4+ Nxe4 80. Qxe4+ {[%emt 0:00:04] Weighted Error Value: White=0.26 (precise) /Black=0.24 (precise)} 1-0

[Event "101st Irish Championship 2022"]
[Site "Dublin"]
[Date "2022.07.05"]
[Round "4.8"]
[White "Doyle, Anthony"]
[Black "O`cuilleanain, Oisin"]
[Result "1/2-1/2"]
[ECO "A05"]
[WhiteElo "2116"]
[BlackElo "1936"]
[Annotator "TA"]
[PlyCount "71"]
[EventDate "2022.07.05"]
[EventType "swiss"]
[EventCountry "IRL"]
[SourceTitle "playchess.com"]
[Source "ChessBase"]
[SourceQuality "1"]
[TimeControl "40/6300+30:1800+30"]

1. Nf3 Nf6 2. g3 b5 3. Bg2 Bb7 4. O-O e6 5. a4 b4 6. a5 {[%emt 0:04:30] A05: Réti Opening: 1 Nf3 Nf6.} c5 7. d3 Be7 8. c3 O-O 9. cxb4 cxb4 10. Nbd2 {[%emt 0:00:27] [#]} d6 $146 ({Predecessor:} 10... Na6 11. Nb3 Rc8 12. Be3 Qc7 13. Qd2 Qb8 14. Rfc1 Nd5 15. Bd4 d6 16. e4 Nf6 {0-1 (40) Teterev,V (2536)-Stupak,K (2526) Minsk 2013}) 11. Nb3 a6 (11... Na6 $11) 12. Bd2 Nc6 13. Qb1 Nd7 (13... Qd7 $11) 14. Qa2 Nc5 15. Nxc5 (15. Rfc1 $14) 15... dxc5 $11 16. Ne5 Qc7 17. Nxc6 Bxc6 18. Bxc6 Qxc6 19. Rfc1 Qd5 20. Be3 {[%emt 0:01:13] Qxd5 is the strong threat.} Rfc8 21. Qc4 Qb7 22. b3 h5 23. Ra2 Rd8 24. Qe4 Ra7 (24... Qb5 $11 {keeps the balance.}) 25. Qxb7 $16 {[%emt 0:00:31] White is more active.} (25. Bxc5 $2 Qxe4 26. dxe4 Rc7 $19) 25... Rxb7 26. Bxc5 Rc7 27. Rac2 Rdc8 28. d4 Bxc5 (28... e5 $16) 29. dxc5 $2 {[%emt 0:00:53][%mdl 4096] Endgame KRR-KRR} (29. Rxc5 $18 {and the rest is easy.} Rxc5 30. dxc5) 29... Rc6 30. Rc4 Rb8 31. Rd1 Rb5 {[%emt 0:00:40][%csl LRa5,LRc5] [#]} 32. Rd8+ (32. Rd6 $1 $16 Rcxc5 33. Rxc5 (33. Rxa6 $2 Rxc4 34. bxc4 b3 $19) 33... Rxc5 34. Rxa6) 32... Kh7 $11 {[%emt 0:00:05] The position is equal.} 33. Rd6 Rcxc5 34. Rxc5 ({But not} 34. Rxa6 $2 Rxc4 35. bxc4 {[#]} b3 $1 36. cxb5 b2 $19) 34... Rxc5 35. Rxa6 Rc3 36. Ra7 {[%emt 0:03:19] Weighted Error Value: White=0.17 (very precise) /Black=0.17 (very precise)} 1/2-1/2

[Event "101st Irish Championship 2022"]
[Site "Dublin"]
[Date "2022.07.05"]
[Round "4.9"]
[White "Ivanov, Andrey A."]
[Black "Cafolla, Peter"]
[Result "1/2-1/2"]
[ECO "B11"]
[WhiteElo "2180"]
[BlackElo "1937"]
[Annotator "TA"]
[PlyCount "71"]
[EventDate "2022.07.05"]
[EventType "swiss"]
[EventCountry "IRL"]
[SourceTitle "playchess.com"]
[Source "ChessBase"]
[SourceQuality "1"]
[TimeControl "40/6300+30:1800+30"]

1. e4 c6 2. Nc3 d5 3. Nf3 Nf6 4. e5 Ne4 5. d3 Nxc3 6. bxc3 {[%emt 0:00:06] B11: Caro-Kann: Two Knights Variation.} e6 7. Be2 c5 8. d4 {[%emt 0:01:33] The position is equal.} Nc6 9. O-O Be7 10. Re1 {[%emt 0:07:53] [#]} (10. dxc5 $11 O-O 11. c4) 10... O-O $146 ({Predecessor:} 10... c4 11. Kh1 Qa5 12. Bd2 Ba3 13. Qb1 Rb8 14. Bc1 Qxc3 15. Bxa3 Qxa3 16. Bf1 Bd7 17. Re3 Qe7 {0-1 (55) Tootoosis,H-Newton,G Edmonton 2000}) 11. Bf1 Bd7 12. Rb1 Qc7 ({Black should play} 12... c4 $15) 13. Bd3 (13. Ng5 $11) 13... f6 (13... c4 $17 14. Bf1 Rab8) 14. exf6 $14 {[%emt 0:03:14] White is more active.} Bxf6 15. Ng5 (15. dxc5 $16 h6 16. c4) 15... Bxg5 16. Bxg5 {[%emt 0:00:33][%cal Bc1g5,Bg5h4,Bh4g3][%mdl 32] Qh5 is the strong threat.} c4 17. Bf1 Rf5 18. Bh4 Re8 19. Bg3 Qc8 20. Be2 b6 21. Bg4 Rf7 22. Qe2 Qd8 23. f3 Qf6 24. Rbd1 Qe7 25. Qe3 b5 26. Re2 Qa3 27. Rde1 b4 28. Qg5 (28. cxb4 $1 $14 Qxe3+ 29. Rxe3) 28... h6 29. Qh5 Qxc3 30. Bxe6 Bxe6 31. Rxe6 Rxe6 32. Rxe6 {[%emt 0:00:07] Black must now prevent Re8+.} Qa1+ (32... Ne7 $5 33. Bd6 {[#]} b3 $1 34. axb3 (34. Bxe7 $2 b2 $19) 34... Qxc2 $1 35. Rxe7 Rxe7 36. Bxe7 cxb3 37. Qxd5+ Kh7 $11) 33. Re1 Qxd4+ 34. Bf2 Qd2 35. Re8+ {[%emt 0:01:14][%mdl 1024] White has compensation.} Rf8 {[%emt 0:00:20][%cal Og8h7] Hoping for ...Kh7!} 36. Rxf8+ {[%emt 0:01:27] Weighted Error Value: White=0.16 (very precise) /Black=0.17 (very precise)} 1/2-1/2

[Event "101st Irish Championship 2022"]
[Site "Dublin"]
[Date "2022.07.05"]
[Round "4.10"]
[White "Kennedy, John"]
[Black "Keogh, Eamon"]
[Result "1-0"]
[ECO "D78"]
[WhiteElo "2047"]
[BlackElo "1931"]
[Annotator "TA"]
[PlyCount "39"]
[EventDate "2022.07.05"]
[EventType "swiss"]
[EventCountry "IRL"]
[SourceTitle "playchess.com"]
[Source "ChessBase"]
[SourceQuality "1"]
[TimeControl "40/6300+30:1800+30"]

1. Nf3 g6 2. g3 Bg7 3. d4 Nf6 4. Bg2 d5 5. O-O O-O 6. c4 c6 {[%emt 0:00:55] 6...c6 scores better than 6...dxc4.} 7. Nc3 Re8 ({Black should try} 7... dxc4 $11 8. e4 b5) 8. Ne5 $14 {[%emt 0:01:13] [#] D78: Fianchetto Grünfeld: 6 0-0 c6.} Bf5 $146 {[%emt 0:05:06] [#]} ({Black should play} 8... Be6 $14) ({Predecessor:} 8... dxc4 9. Nxc4 Nbd7 10. e4 Nb6 11. Nxb6 Qxb6 12. Na4 Qa5 13. Bd2 Qh5 14. Qxh5 Nxh5 {1-0 (53) Pilarte,R (2066)-Ortiz,H (1848) Managua 2020}) 9. Qb3 $1 $16 {[%emt 0:03:28][%csl LRb7,LRd5] White is more active.} dxc4 $2 (9... Nbd7 $16) 10. Qxb7 $18 {[%emt 0:00:53] White has a decisive advantage.} Qxd4 11. Qxa8 ({Less strong is} 11. Nf3 Qb6 12. Qxa8 Nbd7 $16) 11... Nbd7 $2 (11... Qxe5 12. Qxa7 (12. Bf4 Qa5 $18) 12... Qe6) 12. Nxc6 {[%emt 0:01:18] White is clearly winning.} Qd6 13. Qxa7 e5 14. Nb5 Qf8 15. Bd2 {[%emt 0:00:38] Strongly threatening Bb4.} Nc5 16. Bb4 Nfd7 17. Rfd1 e4 {[%emt 0:00:00] [#]} 18. Rxd7 $1 Ra8 (18... Bxd7 19. Bxc5) 19. Qxa8 Qxa8 20. Rd8+ {[%emt 0:00:02] Black did not feel at home in the position after the opening.  Weighted Error Value: White=0.24 (precise) /Black=0.95} 1-0

[Event "101st Irish Championship 2022"]
[Site "Dublin"]
[Date "2022.07.05"]
[Round "4.11"]
[White "Liu, Jason"]
[Black "O`Gorman, Alice"]
[Result "0-1"]
[ECO "B87"]
[WhiteElo "1746"]
[BlackElo "2043"]
[Annotator "TA"]
[PlyCount "69"]
[EventDate "2022.07.05"]
[EventType "swiss"]
[EventCountry "IRL"]
[SourceTitle "playchess.com"]
[Source "ChessBase"]
[SourceQuality "1"]
[TimeControl "40/6300+30:1800+30"]

1. e4 c5 2. Nf3 d6 3. d4 cxd4 4. Nxd4 Nf6 5. Nc3 a6 6. Bc4 e6 7. Bb3 b5 8. Be3 Be7 9. Qe2 O-O 10. O-O-O Bd7 11. a3 $1 Qc7 {[%emt 0:03:44] B87: Sicilian Scheveningen/Najdorf: 6 Bc4, with early ...b5.} 12. f3 Nc6 13. g4 $1 Rfb8 {[%emt 0:15:54] The position is equal.} 14. g5 {[%emt 0:10:40] [#]} Ne8 $146 ({Predecessor:} 14... Nxd4 15. Bxd4 Ne8 16. h4 a5 17. Rhf1 a4 18. Ba2 b4 19. axb4 Rxb4 20. Nb1 Bb5 {1-0 (49) Mahe,R (1970)-Mazaltob,G (1570) Elancourt 2005}) 15. Nxc6 (15. f4 $14) 15... Qxc6 16. h4 a5 17. Rd4 (17. a4 $11 bxa4 18. Bxa4) 17... Bd8 ({Better is} 17... b4 $17 18. axb4 axb4) 18. h5 ({White should try} 18. a4 $1 $14) 18... Bb6 {[%emt 0:03:53] [#]} (18... b4 $15 19. h6 g6 20. axb4 axb4) 19. Rd2 (19. g6 $1 $14 {stays ahead.}) 19... a4 20. Ba2 (20. Nd5 $15 exd5 21. Bxd5) 20... b4 $1 $36 {[%emt 0:10:31][%cal Bb5b4,Bb4a3,Ba3b2][%mdl 2080] Black is on the roll. White is now going downhill.} 21. Nd5 exd5 $19 22. Bxd5 {[%emt 0:00:22] [#]} Qc7 (22... bxa3 $1 $19 23. Kb1 (23. Bxc6 $2 {is the wrong capture.} a2 $19) 23... Qc7 $1 24. Bxa8 Rxa8 25. Bxb6 Qxb6) 23. g6 $2 (23. Bxa8 $15 bxa3 24. Bd5) 23... Be6 24. h6 $2 {[%emt 0:01:43] [#]} (24. Bxb6 Qxb6 25. Qc4) 24... bxa3 $1 25. hxg7 axb2+ 26. Kb1 {[%emt 0:00:08] [#]} Nxg7 $1 {[%emt 0:04:56][%cal Oa4a3] Strongly threatening ...a3!} 27. Rxh7 {[%emt 0:01:59] [#]} (27. Bxb6 a3) 27... a3 $1 28. gxf7+ (28. Rh8+ Kxh8) 28... Qxf7 (28... Kxh7 $2 29. Qh2+ Kg6 30. Rg2+ Kxf7 31. Rxg7+ Kxg7 32. Qh6+ Kg8 33. Bxe6+ Qf7 34. Qg6+ (34. Bxf7+ Kxf7 35. Qh7+ Kf6 $11) 34... Kh8 35. Bxf7 $18) 29. Rxg7+ Kxg7 30. Qg2+ Qg6 (30... Kf8 $142 31. Bh6+ Ke8 32. Bc6+ Kd8 33. Qg8+ Qxg8 34. Bg5+ Qxg5 35. Rxd6+ Kc7 36. Rd7+ Bxd7 37. Ka2 {[#]} Qg1 $1 38. Bxa8 b1=Q+ 39. Kxa3 Rxa8#) 31. Bxb6 a2+ 32. Bxa2 Bxa2+ 33. Kxb2 Rxb6+ 34. Kc3 Qxg2 (34... Ra3+ $142 35. Kd4 Rb4+ 36. c4 Rxc4+ 37. Kd5 Ra5#) 35. Rxg2+ {[%emt 0:00:08] Weighted Error Value: White=1.24/Black=0.81} 0-1

[Event "101st Irish Championship 2022"]
[Site "Dublin"]
[Date "2022.07.06"]
[Round "5.1"]
[White "Kanyamarala, Tarun"]
[Black "O`Donnell, Conor"]
[Result "1/2-1/2"]
[ECO "D27"]
[WhiteElo "2379"]
[BlackElo "2269"]
[Annotator "TA"]
[PlyCount "47"]
[EventDate "2022.07.05"]
[EventType "swiss"]
[EventCountry "IRL"]
[SourceTitle "playchess.com"]
[Source "ChessBase"]
[SourceQuality "1"]
[TimeControl "40/6300+30:1800+30"]

1. d4 d5 2. c4 dxc4 3. e3 Nf6 4. Bxc4 e6 5. Nf3 a6 6. O-O c5 7. Re1 {[%emt 0:00:53] D27: Queen's Gambit Accepted: Classical main line: 7 e4!? and 7 a4.} b5 8. Bd3 Bb7 9. a4 b4 10. Nbd2 Be7 11. Qe2 Nbd7 {[%emt 0:07:27] [#]} 12. Nc4 $146 ({Predecessor:} 12. e4 cxd4 13. e5 Nd5 14. Nb3 O-O 15. Nbxd4 Nc5 16. Bc2 g6 17. Bh6 Re8 18. Rad1 {0-1 (61) Chylewski,P (2400)-Maly,A (2351) Chess.com INT 2019}) 12... O-O 13. a5 Qb8 14. e4 (14. Rd1 {keeps more tension.} Rc8 15. Nfe5 Bd5 16. b3) 14... cxd4 {[%emt 0:00:07] The position is equal.} 15. e5 Bxf3 16. Qxf3 Nd5 17. Be4 {[%emt 0:17:59] [#] aiming for Qh3.} Qb5 18. Qd3 g6 19. Qxd4 Rfd8 (19... Bc5 $5 20. Qd3 Be7 $11) 20. Bh6 Bc5 21. Qd3 Be7 22. Qd4 Bc5 23. Qd3 Be7 24. Qd4 {[%emt 0:01:07] An even fight not without its subleties.  Weighted Error Value: White=0.06 (flawless) /Black=0.03 (flawless)} 1/2-1/2

[Event "101st Irish Championship 2022"]
[Site "Dublin"]
[Date "2022.07.06"]
[Round "5.2"]
[White "O`Gorman, Tom"]
[Black "Keenan, Cathal"]
[Result "1-0"]
[ECO "E62"]
[WhiteElo "2401"]
[BlackElo "1811"]
[Annotator "TA"]
[PlyCount "55"]
[EventDate "2022.07.05"]
[EventType "swiss"]
[EventCountry "IRL"]
[SourceTitle "playchess.com"]
[Source "ChessBase"]
[SourceQuality "1"]
[TimeControl "40/6300+30:1800+30"]

1. c4 Nf6 2. Nf3 g6 3. d4 Bg7 4. g3 O-O 5. Bg2 d6 6. O-O Nc6 7. Nc3 e5 8. dxe5 {[%emt 0:00:21] E62: King's Indian: Fianchetto: 6...c6 and Panno Variation (6...Nc6) without ...a6.} Nxe5 9. b3 c6 {[%emt 0:18:01] [#]} 10. Be3 $146 {[%emt 0:07:29] White is slightly better.} ({Predecessor:} 10. Nd4 Re8 11. e4 a6 12. a4 a5 13. Nde2 Bg4 14. f3 Be6 15. Be3 d5 16. Bd4 Nxe4 17. fxe4 dxc4 18. bxc4 Bxc4 {1-0 (109) Mikhalevski,V (2570)-Sepp,O (2411) Batumi 2019}) 10... Qe7 11. Rc1 Rd8 12. Nd4 Ned7 {[%emt 0:12:01] [#]} (12... Neg4 $11 13. Bg5 Nxh2 $1 14. Nxc6 bxc6 15. Bxf6 Bxf6 16. Kxh2 Bb7) 13. Qd2 (13. Bg5 $6 h6 14. Bf4 Ne5 $11) (13. Bxc6 $1 $16 {[%mdl 512] Black must now prevent Bg2.} Ng4 14. Nd5) 13... Nc5 14. Bg5 Qf8 15. b4 Ne6 16. Nxe6 Bxe6 17. Qf4 Nh5 18. Qf3 Bh6 (18... f6 $11 19. Bd2 (19. Qe4 $2 Bf5 $19) 19... f5) 19. Ne4 $36 {[%emt 0:06:39][%mdl 2048] White fights for an advantage.} f5 20. Qe3 ({And not} 20. Bxd8 Qxd8 21. Bh3 Ng7 $17) 20... Bxg5 21. Nxg5 Bf7 (21... Bd7 $142) 22. b5 $16 {[%emt 0:01:37] White is much more active.} d5 $2 {[%emt 0:01:26] Loses the game.} (22... Qe8 $16 {might work better.} 23. Nxf7 Qxe3 24. fxe3 Kxf7) 23. bxc6 bxc6 24. cxd5 cxd5 (24... f4 25. gxf4 Bxd5 26. Bxd5+ Rxd5 27. Qe6+ (27. Rxc6 Nxf4 28. Ne6 Nxe6 $16) 27... Kh8) 25. Rc7 $1 $18 {[%emt 0:00:46][%csl LRa7,LRf7] White is clearly winning.} d4 26. Qe5 ({Not} 26. Rxf7 dxe3 27. Rxf8+ Rxf8 $11) 26... Bxa2 27. Bxa8 Rxa8 28. Ra1 {[%emt 0:00:50] Weighted Error Value: White=0.16 (very precise) /Black=0.46} 1-0